 Dungeon Crawl Stone Soup version 0.16.1-11-g651b585 (webtiles) character file.

102121 Trent250 the Thaumaturge (level 15, -8/123 HPs)
             Began as a Grey Draconian Wizard on Apr 2, 2015.
             Was the Champion of Sif Muna.
             Mangled by a water elemental (21 damage)
             ... on level 3 of the Shoals.
             The game lasted 03:04:39 (42197 turns).

Trent250 the Thaumaturge (Grey Draconian Wizard)   Turns: 42197, Time: 03:04:39

Health: -8/123     AC: 25    Str:  9    XL:     15   Next: 85%
Magic:  43/45      EV: 15    Int: 25    God:    Sif Muna [******]
Gold:   1980       SH:  5    Dex: 10    Spells: 8 memorised, 11 levels left

rFire  . . .     SeeInvis .     f - staff of death
rCold  + . .     Clarity  .     (armour unavailable)
rNeg   + . .     SustAb   .     J - +0 buckler
rPois  .         Gourm    +     b - +2 hat
rElec  .         Spirit   .     d - +2 cloak {+Inv}
rCorr  .         Warding  .     O - +2 pair of gloves
rMut   .         Stasis   .     K - +2 pair of boots
MR     +....                    B - amulet of the gourmand
Stlth  +.........               v - ring of protection from cold
                                q - ring of magical power

@: about to teleport, glowing, somewhat resistant to hostile enchantments, very
unstealthy
A: walk through water, unfitting armour, unbreathing, cold-blooded, AC +14
a: Channel Energy, Forget Spell, Renounce Religion, Evoke Invisibility


You were on level 3 of the Shoals.
You worshipped Sif Muna.
Sif Muna was exalted by your worship.
You were full.

You visited 6 branches of the dungeon, and saw 28 of its levels.
You also visited: Ice Cave.

You collected 2850 gold pieces.
You spent 870 gold pieces at shops.

Inventory:

Hand weapons
 h - a +2 trident of venom
 H - a +2 trident of freezing
Armour
 b - a +2 hat (worn)
 d - a +2 cloak of invisibility (worn)
 J - a +0 buckler (worn)
 K - a +2 pair of boots (worn)
 O - a +2 pair of gloves (worn)
 W - a +2 cloak
Magical staves
 f - an uncursed staff of death (weapon)
Jewellery
 e - an uncursed ring of ice
 q - a ring of magical power (left hand)
 s - the amulet "Pitecine" {rF++ Regen+ MP-9 Dex+5}
   (You found it on level 7 of the Lair of Beasts)

   [amulet of regeneration]

   It affects your dexterity (+5).
   It greatly protects you from fire.
   It affects your magic capacity (-9).
   It increases your rate of regeneration.
 v - a ring of protection from cold (right hand)
 y - an uncursed ring of teleportation
 B - an amulet of the gourmand (around neck)
 T - a +4 ring of strength
Magical devices
 u - a wand of confusion (4)
 x - a wand of teleportation (4)
 Q - a wand of hasting (0)
Scrolls
 g - 2 scrolls of teleportation
 l - 5 scrolls of blinking
 m - 4 scrolls of enchant armour
 n - a scroll of enchant weapon
 t - 9 scrolls of remove curse
 z - 2 scrolls of fog
 A - 7 scrolls of magic mapping
 D - 2 scrolls of amnesia
 F - 5 scrolls of identify
 L - 2 scrolls of fear
 Z - 5 scrolls of recharging
Potions
 a - 4 potions of brilliance {unknown}
 c - a potion of poison {unknown}
 k - a potion of resistance
 o - a potion of agility
 p - a potion of flight {unknown}
 r - 2 potions of curing
Books
 j - Sif Muna's Collected Works on Conjuration
   (Sif Muna gifted it to you on level 4 of the Orcish Mines)

   Spells                             Type                      Level
   a - Searing Ray                    Conjuration                  2
   b - Iskenderun's Mystic Blast      Conjuration                  4
   c - Lightning Bolt                 Conjuration/Air              5
   d - Poison Arrow                   Conjuration/Poison           6
 w - a book of Clouds

   Spells                             Type                      Level
   a - Mephitic Cloud                 Conjuration/Poison/Air       3
   b - Conjure Flame                  Conjuration/Fire             3
   c - Poisonous Cloud                Conjuration/Poison/Air       6
   d - Freezing Cloud                 Conjuration/Ice/Air          6
   e - Ring of Flames                 Charms/Fire                  7
Comestibles
 i - 15 meat rations
 C - a beef jerky


   Skills:
 + Level 8.8 Fighting
 - Level 12.2 Polearms
 + Level 7.6 Dodging
 - Level 1.7 Stealth
 - Level 7.5 Shields
 - Level 14.8 Spellcasting
 - Level 8.1 Conjurations
   Level 1.0 Summonings
 - Level 9.7 Necromancy
 - Level 1.0 Translocations
 - Level 3.0 Transmutations
 - Level 7.9 Fire Magic
 + Level 4.0 Invocations


You had 11 spell levels left.
You knew the following spells:

 Your Spells              Type           Power        Failure   Level  Hunger
a - Dispel Undead         Necr           #######.     1%          5    ##.....
b - Mephitic Cloud        Conj/Pois/Air  ####....     3%          3    None
c - Conjure Flame         Conj/Fire      ######..     1%          3    None
d - Blink                 Tloc           N/A          3%          2    None
e - Bolt of Draining      Conj/Necr      #######...   1%          5    ##.....
f - Sticky Flame          Conj/Fire      ######..     1%          4    None
g - Ignite Poison         Fire/Trmt      #####.....   12%         5    ##.....
h - Fireball              Conj/Fire      ######....   3%          5    ##.....


Dungeon Overview and Level Annotations

Branches:
Dungeon (11/15)            Temple (1/1) D:5            Lair (8/8) D:9
 Shoals (3/5) Lair:5        Snake (1/5) Lair:4        Slime (0/6) Lair:8
    Orc (4/4) D:11            Elf (0/3) Orc:4

Altars:
Ashenzari
Cheibriados
Dithmenos
Elyvilon
Fedhas
Gozag
Makhleb
Nemelex Xobeh
Okawaru
Qazlal
Ru
Sif Muna
Trog
Xom
Yredelemnul
Zin
The Shining One

Shops:
D:6 [   D:7 [*   Orc:4 ?}**   Shoals:3 *

Annotations:
D:8 1 exclusion
Lair:4 exclusion: oklob plant
Shoals:2 1 runed door, exclusion: Roxanne, Roxanne


Innate Abilities, Weirdness & Mutations

You can walk through water.
Your dull iron-grey scales are very hard (AC +14).
Your body does not fit into most forms of armour.
You can survive without breathing.
Your cold-blooded metabolism reacts poorly to cold.


Message History

You hear a splash.
The faun casts a spell at you.
You are confused.
The faun gestures at you while chanting.
You are more confused.
The satyr shoots an arrow of frost.
The arrow of frost hits you but does no damage.
You hear a splash.
Items here: (((( a large rock; a stone; 2 arrows of frost; a sling bullet You're too confused!
Drink which item? (? for menu, Esc to quit)
Okay, then.
You're too confused!
Drink which item? (? for menu, Esc to quit)
You feel better.
The cyclops throws a large rock.
The large rock hits you but does no damage.
You hear a splash.
The water elemental hits you!!
You die...

≈≈≈...... (≈≈≈≈≈≈≈≈≈≈
≈≈≈≈≈.......≈≈≈≈≈≈≈≈≈≈≈
≈≈≈≈≈≈......≈≈≈≈≈≈≈≈≈≈≈≈
≈≈≈≈≈≈≈≈...≈≈≈≈≈≈≈≈≈≈c≈≈≈
≈≈≈≈≈≈≈≈≈≈≈≈≈≈≈≈≈≈≈≈≈cY≈≈
≈≈≈≈≈≈≈≈≈≈≈≈≈≈≈≈≈≈≈≈≈≈cY≈
≈≈≈≈≈≈≈≈≈≈≈≈≈≈≈≈≈≈≈≈≈≈≈c≈≈
≈≈≈≈≈≈≈≈≈≈≈≈≈≈≈((E≈≈≈≈≈C≈≈
≈≈≈≈≈≈≈≈≈≈≈≈≈≈≈(@≈≈≈≈≈≈≈Y≈
≈≈≈≈≈≈≈≈≈≈≈≈≈≈≈≈≈≈≈≈≈≈≈≈≈
≈≈≈≈≈≈≈≈≈≈≈≈≈≈≈≈≈≈≈≈≈≈≈≈≈
≈≈≈≈≈≈≈≈≈≈≈≈≈≈≈≈≈≈≈≈≈≈≈≈≈
≈≈≈≈≈≈≈≈≈≈≈≈≈≈≈≈≈≈≈≈≈≈≈≈
≈≈≈≈≈≈≈≈≈≈≈≈≈≈≈≈≈≈≈≈≈≈≈
≈≈≈≈≈≈≈≈≈≈≈≈≈≈≈≈≈≈≈≈≈≈
#####################


You could see a satyr, 3 fauns, a cyclops (roused), a water elemental and 3
sheep.

Vanquished Creatures
  2 krakens (Shoals:1)
  The ghost of Shoikan the Slayer, a mighty MiBe of Trog (Shoals:1)
  Kirke (Shoals:2)
  The ghost of Zappman321 the Slinger, a powerful HaMo of Ru (Lair:8)
  2 dire elephants (Lair:8)
  Fannar (Lair:6)
  Harold (Lair:4)
  8 hydras
  Erica (Lair:5)
  2 ogre magi
  An anaconda (Snake:1)
  A merfolk avatar (Shoals:2)
  A catoblepas (Lair:7)
  2 merfolk aquamancers (Shoals:1)
  3 orc high priests (Orc:4)
  8 death yaks
  The ghost of abixa the Grappler, a powerful VSWr of Okawaru (D:11)
  Nergalle (Lair:5)
  A fire crab (Lair:8)
  6 sea snakes
  6 orc knights
  3 orc sorcerers (Orc:4)
  5 griffons
  6 harpies
  An ugly thing (D:11)
  3 water nymphs
  A faun (Shoals:2)
  6 manticores
  2 sirens (Shoals:2)
  A wizard (Lair:8)
  7 black mambas
  10 spiny frogs
  Maurice (Orc:3)
  Joseph (D:10)
  A cyclops (Shoals:1)
  A naga mage (Snake:1)
  A gargoyle (D:11)
  3 fire drakes
  A queen ant (Lair:4)
  5 komodo dragons
  12 merfolk
  A red devil (Lair:8)
  A blue devil (Lair:8)
  2 wind drakes
  Sonja (Lair:5)
  5 two-headed ogres
  Prince Ribbit (D:4)
  2 trolls
  3 snapping turtles
  31 blink frogs
  6 water elementals
  48 yaks
  A deep elf mage (D:10)
  7 hippogriffs
  3 wyverns
  4 hogs (Shoals:2)
  A steam dragon (D:7)
  4 basilisks
  A human (D:7)
  14 soldier ants (Lair:4)
  2 wargs (Orc:2)
  31 wolves
  2 insubstantial wisps (D:7)
  24 water moccasins
  A naga (Snake:1)
  5 phantoms
  29 orc warriors
  3 eyes of draining
  7 porcupines
  2 necrophages
  20 ice beasts
  7 sky beasts
  2 black bears
  13 centaurs
  11 ogres
  Sigmund (D:4)
  15 crocodiles
  21 giant frogs
  3 big kobolds
  3 scorpions
  9 wights
  2 wyvern skeletons
  5 killer bees (D:8)
  4 electric eels (D:9)
  7 crimson imps
  2 goliath beetles
  4 centaur zombies
  A giant frog zombie (D:5)
  A centaur skeleton (D:8)
  4 jellies
  15 hounds
  9 iguanas
  21 orc priests
  34 orc wizards
  A quasit (D:9)
  43 worker ants
  40 sheep
  A worker ant zombie (D:9)
  29 adders
  9 gnolls
  67 river rats
  3 shadow imps
  6 worms
  3 giant mites
  4 adder skeletons
  4 giant geckos
  199 orcs
  2 ball pythons
  23 goblins
  20 hobgoblins
  15 jackals
  8 quokkas
  A ball python zombie (D:5)
  16 bats
  5 giant cockroaches
  A giant gecko skeleton (D:4)
  6 giant newts
  3 giant spores
  A jackal zombie (D:8)
  31 kobolds
  A quokka zombie (D:5)
  14 rats
  6 ballistomycetes
  6 tentacles (Shoals:1)
  3 tentacle segments (Shoals:1)
1149 creatures vanquished.

Vanquished Creatures (collateral kills)
  A killer bee (D:8)
1 creature vanquished.

Vanquished Creatures (others)
  A human (Shoals:2)
  A goliath beetle (D:8)
  A worker ant (D:11)
  An adder (D:9)
  A giant spore (D:11)
  A bush (Lair:8)
  9 fungi
  10 plants
  13 tentacles (Shoals:1)
  358 tentacle segments (Shoals:1)
396 creatures vanquished.

Grand Total: 1546 creatures vanquished

Notes
Turn   | Place    | Note
--------------------------------------------------------------
     0 | D:1      | Trent250, the Draconian Wizard, began the quest for the Orb.
     0 | D:1      | Reached XP level 1. HP: 14/14 MP: 4/4
   283 | D:1      | Reached XP level 2. HP: 18/20 MP: 6/6
   966 | D:1      | Reached XP level 3. HP: 26/26 MP: 2/7
  1930 | D:2      | Reached XP level 4. HP: 29/33 MP: 9/9
  2216 | D:3      | Reached skill level 4 in Conjurations
  2408 | D:3      | Found a basalt altar of Yredelemnul.
  2659 | D:3      | Learned a level 3 spell: Mephitic Cloud
  2663 | D:3      | Learned a level 3 spell: Conjure Flame
  2666 | D:3      | Learned a level 2 spell: Blink
  3258 | D:3      | Reached XP level 5. HP: 38/38 MP: 2/11
  3385 | D:3      | Reached skill level 5 in Conjurations
  3767 | D:4      | Found a shattered altar of Ashenzari.
  3952 | D:4      | Noticed Sigmund
  3970 | D:3      | Reached skill level 1 in Fighting
  4144 | D:4      | Reached XP level 6. HP: 40/48 MP: 6/12
  4298 | D:4      | Killed Sigmund
  4436 | D:4      | Noticed Prince Ribbit
  4460 | D:4      | Killed Prince Ribbit
  4460 | D:4      | Your scales start taking on a dull iron-grey colour.
  4460 | D:4      | Gained mutation: You can survive without breathing. [draconian maturity]
  4460 | D:4      | Reached XP level 7. HP: 40/58 MP: 0/14
  5074 | D:4      | Found an opulent altar of Gozag.
  5476 | D:5      | Entered Level 5 of the Dungeon
  5476 | D:5      | Found a staircase to the Ecumenical Temple.
  5494 | Temple   | Entered the Ecumenical Temple
  5554 | Temple   | Became a worshipper of Sif Muna the Loreminder
  5615 | D:5      | Reached skill level 1 in Polearms
  6469 | D:5      | Reached skill level 5 in Polearms
  6469 | D:5      | Reached XP level 8. HP: 66/66 MP: 3/16
  6593 | D:5      | Found a sparkling altar of Nemelex Xobeh.
  7018 | D:5      | Reached skill level 6 in Polearms
  7521 | D:6      | Found Irphapp's Armour Shop.
  7571 | D:6      | Bought a +0 robe for 9 gold pieces
  7571 | D:6      | Bought a +0 buckler for 63 gold pieces
  7571 | D:6      | Bought a +0 pair of boots for 63 gold pieces
  7742 | D:6      | Reached skill level 7 in Polearms
  7860 | D:6      | Found a sacrificial altar of Ru.
  7860 | D:6      | Found an iron altar of Okawaru.
  7861 | D:6      | Found a burning altar of Makhleb.
  7991 | D:6      | Found a white marble altar of Elyvilon.
  8238 | D:6      | Reached skill level 8 in Polearms
  8401 | D:6      | Reached XP level 9. HP: 71/71 MP: 20/20
  8751 | D:7      | Found Ynuurph's General Store.
  8755 | D:7      | Bought a potion of curing for 42 gold pieces
  8755 | D:7      | Bought a scroll of enchant armour for 105 gold pieces
  8767 | D:7      | Found Gruruikal's Antique Armour Shoppe.
  8926 | D:7      | Reached skill level 1 in Shields
  9553 | D:7      | Reached skill level 5 in Shields
 10809 | D:8      | Reached skill level 9 in Polearms
 10809 | D:8      | Reached XP level 10. HP: 78/78 MP: 8/21
 11293 | D:8      | Found a stormy altar of Qazlal.
 11490 | D:9      | Reached skill level 10 in Polearms
 11868 | D:9      | Found a bloodstained altar of Trog.
 12060 | D:9      | Found a staircase to the Lair.
 12581 | D:9      | Reached skill level 11 in Polearms
 12992 | D:10     | Entered Level 10 of the Dungeon
 13139 | D:10     | Noticed an ogre mage
 13166 | D:10     | Killed an ogre mage
 13166 | D:10     | Reached skill level 12 in Polearms
 13283 | D:10     | Noticed a griffon
 13336 | D:10     | Killed a griffon
 13336 | D:10     | Reached XP level 11. HP: 80/84 MP: 15/22
 13732 | D:10     | Reached skill level 5 in Spellcasting
 13742 | D:10     | Learned a level 5 spell: Bolt of Draining
 13857 | D:10     | Reached skill level 1 in Necromancy
 13910 | D:10     | Found a snail-covered altar of Cheibriados.
 14023 | D:10     | Acquired Sif Muna's first power
 14099 | D:10     | Noticed Joseph
 14191 | D:10     | Killed Joseph
 14984 | D:11     | Found a staircase to the Orcish Mines.
 15022 | D:11     | Reached skill level 5 in Necromancy
 15046 | D:11     | Noticed a six-headed hydra
 15067 | D:11     | Killed a six-headed hydra
 15067 | D:11     | Acquired Sif Muna's second power
 15217 | D:11     | Noticed abixa's ghost (powerful VSWr)
 15235 | D:11     | Killed abixa's ghost
 15994 | D:11     | Found a glowing silver altar of Zin.
 16326 | D:11     | Reached XP level 12. HP: 67/92 MP: 18/24
 16612 | D:11     | Learned a level 5 spell: Dispel Undead
 16861 | Lair:1   | Entered Level 1 of the Lair of Beasts
 17271 | Lair:1   | Acquired Sif Muna's third power
 17577 | Lair:1   | You fall through a shaft!
 18101 | Lair:2   | Noticed a seven-headed hydra
 18106 | Lair:2   | Killed a seven-headed hydra
 19784 | Lair:3   | Learned a level 4 spell: Sticky Flame
 20036 | Lair:3   | Reached skill level 10 in Spellcasting
 20437 | Lair:4   | Found a frozen archway.
 20620 | IceCv    | Entered an ice cave
 20620 | IceCv    | Noticed gabygaby's ghost (powerful DrCj)
 20717 | Lair:4   | Reached XP level 13. HP: 29/99 MP: 0/31
 21182 | Lair:4   | Received a gift from Sif Muna
 21652 | Lair:4   | Noticed Harold
 21661 | Lair:4   | Killed Harold
 22465 | Lair:4   | Found a staircase to the Snake Pit.
 22990 | Lair:4   | Learned a level 5 spell: Ignite Poison
 23048 | Lair:4   | Reached skill level 1 in Fire Magic
 23829 | Lair:5   | Noticed Nergalle
 23841 | Lair:5   | Killed Nergalle
 24181 | Lair:5   | Found a staircase to the Shoals.
 25021 | Lair:5   | Received a gift from Sif Muna
 25021 | Lair:5   | Reached skill level 5 in Fire Magic
 25022 | Lair:5   | Identified Sif Muna's Tome of Burning Attacks (Sif Muna gifted it to you on level 5 of the Lair of Beasts)
 25107 | Lair:5   | Noticed Erica
 25113 | Lair:5   | Killed Erica
 25697 | Lair:5   | Reached skill level 1 in Transmutations
 26339 | Lair:6   | Learned a level 5 spell: Fireball
 26884 | Lair:6   | Noticed Fannar
 26890 | Lair:6   | Killed Fannar
 27033 | Lair:7   | Got a crude lead amulet
 27040 | Lair:7   | Identified the amulet "Pitecine" {rF++ Regen+ MP-9 Dex+5} (You found it on level 7 of the Lair of Beasts)
 27242 | Lair:7   | Reached XP level 14. HP: 105/105 MP: 4/34
 27384 | Lair:7   | Reached skill level 5 in Fighting
 27572 | Lair:7   | Reached skill level 5 in Dodging
 28597 | Lair:8   | Entered Level 8 of the Lair of Beasts
 28668 | Lair:8   | Noticed Zappman321's ghost (powerful HaMo)
 28682 | Lair:8   | Killed Zappman321's ghost
 30023 | Lair:8   | Found a staircase to the Slime Pits.
 30343 | Lair:8   | Received a gift from Sif Muna
 30344 | Lair:8   | Identified Smag's Tome of Sinister Rites (Sif Muna gifted it to you on level 8 of the Lair of Beasts)
 30666 | Lair:8   | Reached skill level 13 in Spellcasting
 31017 | Lair:8   | Found a burning altar of Makhleb.
 31613 | Orc:1    | Entered Level 1 of the Orcish Mines
 32493 | Orc:2    | You fall through a shaft!
 33298 | Orc:3    | Noticed Maurice
 33306 | Orc:3    | Killed Maurice
 34228 | Orc:4    | Entered Level 4 of the Orcish Mines
 34367 | Orc:4    | Found a staircase to the Elven Halls.
 35330 | Orc:4    | Reached skill level 14 in Spellcasting
 35330 | Orc:4    | Reached XP level 15. HP: 113/119 MP: 21/36
 35563 | Orc:4    | Paralysed by an orc sorcerer for 7 turns
 35778 | Orc:4    | Received a gift from Sif Muna
 35780 | Orc:4    | Identified Sif Muna's Collected Works on Conjuration (Sif Muna gifted it to you on level 4 of the Orcish Mines)
 35909 | Orc:4    | Found Icoul's Magic Scroll Boutique.
 35909 | Orc:4    | Found Qiwidoux's Assorted Antiques.
 35910 | Orc:4    | Found Pluugutzu's Gadget Boutique.
 35911 | Orc:4    | Found Nizim's Assorted Antiques.
 36164 | Orc:4    | Bought a scroll of magic mapping for 45 gold pieces
 36164 | Orc:4    | Bought a scroll of teleportation for 39 gold pieces
 36164 | Orc:4    | Bought a scroll of recharging for 123 gold pieces
 36164 | Orc:4    | Bought a scroll of enchant armour for 97 gold pieces
 36164 | Orc:4    | Bought a scroll of enchant weapon for 97 gold pieces
 36164 | Orc:4    | Bought a scroll of blinking for 97 gold pieces
 36164 | Orc:4    | Bought a scroll of magic mapping for 45 gold pieces
 36164 | Orc:4    | Bought a scroll of magic mapping for 45 gold pieces
 36546 | Snake:1  | Entered Level 1 of the Snake Pit
 36683 | Shoals:1 | Entered Level 1 of the Shoals
 36720 | Shoals:1 | Noticed Shoikan's ghost (mighty MiBe)
 36733 | Shoals:1 | Killed Shoikan's ghost
 36981 | Shoals:1 | Noticed Sonja
 37190 | Lair:5   | Killed Sonja
 38084 | Shoals:1 | Noticed a kraken
 38096 | Shoals:1 | Killed a kraken
 39440 | Shoals:1 | Noticed a kraken
 39451 | Shoals:1 | Killed a kraken
 40039 | Shoals:1 | Reached skill level 1 in Invocations
 40566 | Shoals:2 | Noticed Kirke
 40573 | Shoals:2 | Killed Kirke
 41491 | Shoals:2 | Noticed Roxanne
 41506 | Shoals:2 | Found a runed door.
 42117 | Shoals:3 | Found Croudeuf's General Store.
 42197 | Shoals:3 | Mangled by a water elemental

Action                   |  1- 3 |  4- 6 |  7- 9 | 10-12 | 13-15 || total
-------------------------+-------+-------+-------+-------+-------++-------
Melee: Club              |    58 |    62 |       |       |       ||   120
       Scythe            |       |     4 |   247 |       |       ||   251
       Spear             |       |       |   510 |  1136 |       ||  1646
       Trident           |       |       |       |   626 |  1581 ||  2207
       Staff             |       |       |       |    10 |    19 ||    29
 Cast: Magic Dart        |    74 |   136 |   206 |    76 |       ||   492
       Mephitic Cloud    |       |     7 |    24 |    77 |    86 ||   194
       Blink             |       |     1 |     6 |    20 |    17 ||    44
       Conjure Flame     |       |       |    19 |    42 |    28 ||    89
       Bolt of Draining  |       |       |       |    37 |   403 ||   440
       Sticky Flame      |       |       |       |    15 |    15 ||    30
       Ignite Poison     |       |       |       |       |    12 ||    12
       Fireball          |       |       |       |       |    24 ||    24
       Dispel Undead     |       |       |       |       |     8 ||     8
Invok: Channel Energy    |       |       |       |    23 |    84 ||   107
Evoke: Wand              |       |       |       |     1 |       ||     1
  Use: Potion            |       |     2 |       |    12 |     4 ||    18
       Scroll            |       |       |     8 |    22 |    11 ||    41
 Stab: Sleeping          |     1 |     1 |       |     2 |     1 ||     5
       Confused          |       |       |    17 |    73 |    25 ||   115
       Distracted        |       |       |       |       |     3 ||     3
  Eat: Chunk             |     3 |     8 |    25 |    41 |   106 ||   183
       Fruit             |       |       |     1 |     5 |       ||     6
       Bread ration      |       |       |     1 |     1 |       ||     2
       Pizza             |       |       |       |     1 |     8 ||     9
       Beef jerky        |       |       |       |       |     4 ||     4
       Meat ration       |       |       |       |       |     2 ||     2
